 Dungeon Crawl Stone Soup version 0.24-a0-446-g87df7205b4 (webtiles) character file.

Game seed: 5268756870267294754

286 Krouwed the Slasher (level 6, -8/48 HPs)
             Began as a Human Fighter on June 24, 2019.
             Killed by divine providence
             ... invoked by an orc priest
              (12 damage)
             ... on level 3 of the Dungeon.
             The game lasted 00:09:49 (3329 turns).

Krouwed the Slasher (Human Fighter)                 Turns: 3329, Time: 00:09:50

Health: -8/48      AC: 10    Str: 18    XL:     6   Next: 56%
Magic:  6/6        EV:  5    Int:  9    God:
Gold:   51         SH:  9    Dex: 12    Spells: 5/5 levels left

rFire    . . .     SeeInvis .   a - +0 long sword
rCold    . . .     Gourm    .   c - +0 shield
rNeg     . . .     Faith    .   u - +0 chain mail
rPois    .         Spirit   .   (no helmet)
rElec    .         Reflect  .   (no cloak)
rCorr    .         Harm     .   v - +0 pair of gloves
MR       .....                  (no boots)
Stlth    ..........             (no amulet)
HPRegen  0.16/turn              (no ring)
MPRegen  0.10/turn              (no ring)

@: lightly drained
A: no striking features
a: no special abilities


You were on level 3 of the Dungeon.
You were not hungry.

You visited 1 branch of the dungeon, and saw 4 of its levels.

You collected 51 gold pieces.

Inventory:

Hand Weapons
 a - a +0 long sword (weapon)
Armour
 b - a +0 scale mail
 c - a +0 shield (worn)
 u - a +0 chain mail (worn)
 v - a +0 pair of gloves (worn)
Jewellery
 i - an uncursed ring of ice {unknown}
Scrolls
 e - a scroll of random uselessness {unknown}
 h - a scroll of blinking {unknown}
 j - 2 scrolls of identify
 k - 2 scrolls of teleportation {unknown}
 s - a scroll of enchant weapon {unknown}
 t - 2 scrolls of noise {unknown}
 x - a scroll of fog {unknown}
Potions
 d - 3 potions of might
 g - a potion of magic {unknown}
 l - a potion of agility {unknown}
 m - a potion of resistance {unknown}
 n - a potion of ambrosia {unknown}
 o - 2 potions of heal wounds
 p - a potion of flight {unknown}
 q - a potion of lignification {unknown}
 r - a potion of cancellation {unknown}
Comestibles
 f - 9 rations
 w - 7 chunks of flesh


   Skills:
 + Level 4.0(3.9) Fighting
 * Level 4.2(4.0) Long Blades
 + Level 4.1(3.9) Armour
 + Level 4.0(3.9) Shields


You had 5 spell levels left.
You didn't know any spells.
Your spell library was empty.

Dungeon Overview and Level Annotations

Branches:
Dungeon (4/15)
 Temple: D:4-7

Altars:


Message History

You see here a ration.
A bat comes into view.
You block the bat's attack.
You hit the bat.
You kill the bat!
You block the orc's attack.
The orc priest mumbles some strange prayers to Beogh against you.
Beogh smites you!
The orc priest calls down the wrath of Beogh upon you.
Beogh smites you!
* * * LOW HITPOINT WARNING * * *
You see here a bat corpse.
As you read the scroll labeled MAAKLI JEVAEMU, it crumbles to dust.
It is a scroll of identify.
o - 2 potions of heal wounds The orc hits you with a +0 mace.
* * * LOW HITPOINT WARNING * * *
The orc priest mumbles some strange prayers to Beogh against you.
Beogh smites you!
You die...

....
#.#
#.#
...
#.#
#.#
..
#.#
#.#
#
#.#
#.#
#.#
#.#
#.#
#.#
#.#
#.#
#.#
#.#
#@#
#.#
#o#
#)#
#†#
#.#
#.#
#.#
#o#
#.#
#o#
#o#
#.#
#.#
#.#
#o#
#.#
#.#


You could see an orc priest and 2 orcs.

Vanquished Creatures
  2 orc wizards (D:3)
  Natasha (thrice) (D:2)
  7 adders
  3 worms (D:2)
  2 leopard geckos
  7 orcs
  A giant cockroach (D:3)
  5 goblins
  3 hobgoblins
  7 jackals (D:1)
  3 quokkas
  5 bats
  2 frilled lizards
  3 kobolds
  4 rats
57 creatures vanquished.

Vanquished Creatures (others)
  An orc wizard (D:3)
1 creature vanquished.

Grand Total: 58 creatures vanquished

Notes
Turn   | Place    | Note
-------+----------+-------------------------------------------
     0 | D:1      | Krouwed the Human Fighter began the quest for the Orb.
     0 | D:1      | Reached XP level 1. HP: 18/18 MP: 1/1
    53 | D:1      | Reached XP level 2. HP: 21/24 MP: 2/2
   661 | D:1      | Reached XP level 3. HP: 26/29 MP: 3/3
  1193 | D:1      | Reached XP level 4. HP: 31/35 MP: 4/4
  1376 | D:2      | Noticed Natasha
  1390 | D:2      | Killed Natasha
  1839 | D:2      | Reached XP level 5. HP: 33/41 MP: 5/5
  2394 | D:2      | Noticed Natasha
  2410 | D:2      | Killed Natasha
  2573 | D:2      | Noticed Natasha
  2582 | D:2      | Killed Natasha
  3030 | D:3      | Reached XP level 6. HP: 46/48 MP: 6/6
  3329 | D:3      | Killed from afar by an orc priest

Levels and vault maps discovered:
D:1:      dpeg_arrival_tiny_f, layout_loops_ring, solitary_fountain
D:2:      layout_rooms, nicolae_overflow_hidden_temple, uniq_natasha
D:3:      layout_basic
D:4:      layout_rooms, biasface_ghost_orc_armoury

Skill      XL: |  1  2  3  4  5  6 |
---------------+-------------------+-----
Long Blades    | 3 4 |  4.2
Fighting       | 4 |  4.0
Armour         | 4 |  4.1
Shields        | 4 |  4.0

Action                   |  1- 3 |  4- 6 || total
-------------------------+-------+-------++-------
Melee: Long sword        |    84 |   173 ||   257
  Use: Potion            |       |     1 ||     1
       Scroll            |       |     1 ||     1
  Eat: Chunk             |       |     8 ||     8
Armor: Scale mail        |    56 |    24 ||    80
       Chain mail        |       |    55 ||    55
Dodge: Dodged            |    30 |    36 ||    66
Block: Shield            |    54 |    81 ||   135
       Rpst.: Long sword |    16 |     8 ||    24

Table legend:
 A = Non-vault XP
 B = Vault XP
 C = Vault XP percentage of total XP
 D = Non-vault monster count
 E = Vault monster count
 F = Vault count percentage of total count
                 A         B        C        D         E       F
            +---------+---------+-------+---------+---------+-------
      Total |     374 |      35 |   8.6 |      57 |       1 |   1.7
            +---------+---------+-------+---------+---------+-------
        D:1 |      46 |       0 |   0.0 |      19 |       0 |   0.0
        D:2 |     153 |      35 |  18.6 |      17 |       1 |   5.6
        D:3 |     152 |       0 |   0.0 |      17 |       0 |   0.0
        D:4 |      23 |       0 |   0.0 |       4 |       0 |   0.0
            +---------+---------+-------+---------+---------+-------
